 Dungeon Crawl Stone Soup version 0.28.0-53-g5a82cb258f (webtiles) character file.

Game seed: 6633914613987787952

97 Revguard the Ducker (level 4, 0/34 HPs)
             Began as a Demonspawn Gladiator on June 28, 2022.
             Was a Believer of Fedhas.
             Engulfed by a steam dragon's steam (7 damage)
             ... on level 4 of the Dungeon.
             The game lasted 00:06:08 (3333 turns).

Revguard the Ducker (Demonspawn Gladiator)          Turns: 3333, Time: 00:06:09

Health: 0/34       AC:  4    Str: 14    XL:     4   Next: 42%
Magic:  5/5        EV: 14    Int:  9    God:    Fedhas [**....]
Gold:   71         SH:  0    Dex: 23    Spells: 3/3 levels left

rFire   . . .      SeeInvis .   a - +0 rapier
rCold   . . .      Faith    .   (no shield)
rNeg    . . .      Spirit   .   b - +0 leather armour
rPois   .          Reflect  .   c - +0 helmet
rElec   .          Harm     .   (no cloak)
rCorr   .          Rampage  .   (no gloves)
Will    .....                   (no boots)
Stlth   ++........              (no amulet)
HPRegen 0.11/turn               h - +6 ring of dexterity
MPRegen 0.09/turn               q - ring of flight

@: flying
A: ignite blood 2
a: Renounce Religion, Wall of Briars


You were on level 4 of the Dungeon.
You worshipped Fedhas.
Fedhas was pleased with you.
You visited 1 branch of the dungeon, and saw 4 of its levels.

You collected 71 gold pieces.

Inventory:

Hand Weapons
 a - a +0 rapier (weapon)
Missiles
 d - 3 throwing nets (quivered)
Armour
 b - a +0 leather armour (worn)
 c - a +0 helmet (worn)
Jewellery
 h - a +6 ring of dexterity (left hand)
 q - a ring of flight (right hand)
Wands
 m - a wand of acid (8)
Scrolls
 e - a scroll of torment {unknown}
 f - a scroll of teleportation {unknown}
 l - a scroll of magic mapping
 p - a scroll of amnesia {unknown}
 r - a scroll of fog {unknown}
Potions
 g - a potion of flight
 i - a potion of brilliance
 j - a potion of berserk rage {unknown}
 k - a potion of experience {unknown}
 o - a potion of mutation {unknown}
 s - a potion of magic {unknown}


   Skills:
 + Level 2.4 Fighting
 + Level 3.0 Short Blades
 - Level 1.7 Throwing
 + Level 1.0 Armour
 * Level 3.4 Dodging
 + Level 0.3 Stealth
 + Level 1.6 Invocations
 + Level 1.4 Evocations


You had 3 spell levels left.
You didn't know any spells.
Your spell library was empty.

Dungeon Overview and Level Annotations

Branches:
Dungeon (4/15)
 Temple: D:4-7

Altars:
Fedhas
Trog
Wu Jian

Shops:
D:2 (


Innate Abilities, Weirdness & Mutations

Your demonic aura often causes spilled blood to erupt in flames.


Message History

Done exploring.
(D) Dungeon
Where to? (Enter - D:3, ? - help)
There is a stone staircase leading down here.
You fly downwards.
You hear the sound of rushing water.
There is an entrance to a sewer on this level.
Hurry and find it before the portal rusts away!
The steam dragon hisses angrily.
There is a stone staircase leading up here.
You closely miss the steam dragon. The steam dragon barely misses you.
The steam dragon claws you.
Okay, then.
Okay, then.
Aiming: Corrosive Bolt
Press: ? - help, Shift-Dir - straight line, f - steam dragon
Aim: a steam dragon (71% to hit)
The bolt of acid misses the steam dragon.
The steam dragon misses you. The steam dragon closely misses you.
Aiming: Corrosive Bolt
Press: ? - help, Shift-Dir - straight line, f/p - steam dragon
Aim: a steam dragon (71% to hit)
The bolt of acid hits the steam dragon!
The steam dragon is heavily wounded.
The steam dragon bites you. The steam dragon claws you.
Aiming: Corrosive Bolt
Press: ? - help, Shift-Dir - straight line, f/p - steam dragon
Aim: a steam dragon (heavily wounded, 71% to hit)
The bolt of acid hits the steam dragon.
The acid corrodes the steam dragon!
The steam dragon is heavily wounded.
The steam dragon breathes steam at you. The ball of steam hits you!
* * * LOW HITPOINT WARNING * * *
Aiming: Corrosive Bolt
Press: ? - help, Shift-Dir - straight line, f/p - steam dragon
Aim: a steam dragon (heavily wounded, catching its breath, covered in acid, 71% to hit)
The bolt of acid hits the steam dragon!
The steam dragon is almost dead.
You are engulfed in a cloud of scalding steam.
You die...
Fedhas appreciates your contribution to the ecosystem.

#.#
#.#
#.#
#.#
#.#
#.#
#D#
#@#
#§#
#§#
...
#.#
###


You could see a steam dragon (catching breath, corroded).

Vanquished Creatures
  4 adders
  A worm (D:3)
  A dart slug (D:3)
  An orc (D:3)
  6 bats
  7 endoplasms
  2 giant cockroaches
  5 goblins
  8 hobgoblins
  2 kobolds (D:2)
  A quokka (D:2)
  8 ball pythons
  2 frilled lizards (D:2)
  4 rats
52 creatures vanquished.

Vanquished Creatures (others)
  A wizard (D:3)
1 creature vanquished.

Grand Total: 53 creatures vanquished

Notes
Turn   | Place    | Note
-------+----------+-------------------------------------------
     0 | D:1      | Revguard the Demonspawn Gladiator began the quest for the
                  | Orb.
     0 | D:1      | Reached XP level 1. HP: 16/16 MP: 1/1
   507 | D:1      | Gained mutation: Your demonic aura sometimes causes spilled
                  | blood to erupt in flames. [demonic ancestry]
   507 | D:1      | Reached XP level 2. HP: 19/22 MP: 2/2
   597 | D:1      | Found a faded altar of an unknown god.
   618 | D:1      | Prayed at the altar of an unknown god.
   618 | D:1      | Became a worshipper of Fedhas Madash
   618 | D:1      | Reached * piety under Fedhas
  1350 | D:2      | Reached skill level 1 in Invocations
  1511 | D:2      | Found Muhimibbagh's Weapon Boutique.
  1541 | D:2      | Reached XP level 3. HP: 27/27 MP: 3/3
  1582 | D:2      | Reached skill level 1 in Evocations
  1583 | D:2      | Reached ** piety under Fedhas
  2105 | D:3      | Found a bloodstained altar of Trog.
  2106 | D:3      | Noticed a wizard
  2111 | D:3      | Killed a wizard
  2210 | D:3      | Gained mutation: Your demonic aura often causes spilled
                  | blood to erupt in flames. [demonic ancestry]
  2210 | D:3      | Reached XP level 4. HP: 30/34 MP: 5/5
  2369 | D:3      | Reached skill level 1 in Armour
  2483 | D:3      | Found an ornate altar of the Wu Jian Council.
  3328 | D:4      | Noticed a steam dragon
  3333 | D:4      | Engulfed by a steam dragon's steam

Illustrated notes

Levels and vault maps discovered:
D:1:      minmay_arrival_five_plusses, layout_basic,
          shapermc_ecumenical_altar_starsandcircs
D:2:      layout_rooms, serial_shops, shop, minmay_misc_feat_four_crosses
D:3:      layout_loops_ring, mainiacjoe_overflow_concentric_impassable,
          trog_wizard
D:4:      layout_loops_ring, mainiacjoe_overflow_alcove_2,
          nicolae_yredelemnul_ghost_church, minmay_temple_entry_ruins,
          gup_sewer_entry_spiral

Skill      XL: |  1  2  3  4 |
---------------+-------------+-----
Dodging        | 3 |  3.4
Invocations    | 1 |  1.6
Evocations     | 1 |  1.4
Armour         | 1 |  1.0
Short Blades   | 3 |  3.0
Fighting       | |  2.4
Throwing       | |  1.7
Stealth        | |  0.3

Action                   |  1- 3 |  4- 6 || total
-------------------------+-------+-------++-------
Melee: Rapier            |   131 |    50 ||   181
       Punch             |       |     1 ||     1
Evoke: Wand              |       |     4 ||     4
  Use: Scroll            |       |     3 ||     3
 Stab: Sleeping          |     2 |     3 ||     5
Armor: Leather armour    |    36 |    12 ||    48
Dodge: Dodged            |   141 |    28 ||   169
